AoeStats
← Kitoow

Oasis

510235834Analyzed
4v4 RM · 2d ago on Sep 30, 2026· 65m 29s· 8 players
Game mode
Random Map
Map size
Large (8 player)
Population
200
Speed
Normal
Resources
Standard
Victory
Conquest
Starting age
Dark Age
Ending age
Imperial Age
RankedLock teamsTeams togetherTeam positionsShared explorationLock speedFull tech treeHidden civsTurbo modeCheats
Victory
Defeat
🇨🇱 Goths · Chile
1020
+8
🇺🇾 Georgians · Uruguay
949
+10
🇨🇱 Khitans · Chile
724
+19
🇨🇱 Britons · Chile
653
+23
🇧🇷 Franks · Brazil
951
-20
🇺🇸 Ethiopians · United States
879
-45
🇨🇱 Burgundians · Chile
819
-15
🇧🇷 Persians · Brazil
593
-7
PsicoDelico
11:09 Feudal Age
11:33 Loom
12:08 Double-Bit Axe
16:05 Castle Age
17:51 Bow Saw
19:46 Wheelbarrow
22:55 Hand Cart
24:40 Forging
26:35 Husbandry
29:06 Stone Mining
29:07 Gold Mining
31:20 Iron Casting
30:50 Scale Barding Armor
30:53 Caravan
35:20 Imperial Age
35:14 Town Watch
37:49 Blast Furnace
37:10 Chain Barding Armor
37:26 Fletching
38:03 Murder Holes
39:09 Chemistry
37:54 Arrowslits
38:15 Siege Engineers
38:25 Cavalier
40:40 Elite Skirmisher
42:04 Paladin
61:58 Pikeman
65:14 Conscription
SPILA HASHIMOTO
1:16 Loom
11:20 Feudal Age
12:01 Double-Bit Axe
13:33 Gold Mining
19:41 Wheelbarrow
18:53 Town Watch
23:19 Stone Mining
28:43 Padded Archer Armor
28:33 Fletching
28:45 Scale Mail Armor
28:56 Forging
28:52 Scale Barding Armor
31:37 Castle Age
33:51 Pikeman
34:17 Gambesons
34:32 Squires
34:18 Arson
35:23 Kamandaran
38:41 Hand Cart
38:31 Town Patrol
39:48 Murder Holes
39:53 Guard Tower
40:24 Crossbowman
41:10 Thumb Ring
41:23 Husbandry
41:33 Bloodlines
40:46 Light Cavalry
47:48 Leather Archer Armor
47:52 Elite Skirmisher
49:47 Bow Saw
50:37 Iron Casting
58:29 Horse Collar
64:56 Chain Mail Armor
64:38 Bodkin Arrow
65:04 Chain Barding Armor
Kitoow
11:25 Feudal Age
10:23 Double-Bit Axe
12:52 Loom
18:31 Forging
21:48 Castle Age
21:06 Gold Mining
21:01 Horse Collar
21:35 Bow Saw
22:10 Scale Barding Armor
22:46 Wheelbarrow
23:19 Pikeman
32:11 Cavalier
36:46 Fletching
49:13 Two-Man Saw
57:59 Iron Casting
61:04 Wheelbarrow
61:47 Heavy Plow
64:28 Crop Rotation
crescent
7:53 Loom
10:56 Feudal Age
11:37 Double-Bit Axe
11:45 Horse Collar
21:17 Castle Age
21:10 Fletching
21:20 Padded Archer Armor
22:31 Crossbowman
25:10 Bow Saw
25:03 Heavy Plow
25:40 Wheelbarrow
26:47 Bodkin Arrow
34:38 Leather Archer Armor
37:02 Imperial Age
40:49 Chemistry
40:02 Bracer
40:32 Ring Archer Armor
40:46 Ballistics
46:16 Thumb Ring
54:42 Arbalester
56:33 Hand Cart
57:38 Masonry
63:29 Murder Holes
Thorfinn
3:41 Loom
12:19 Feudal Age
16:51 Castle Age
16:01 Double-Bit Axe
16:06 Gold Mining
20:25 Horse Collar
22:03 Wheelbarrow
21:38 Fletching
25:23 Scale Barding Armor
29:12 Forging
30:51 Iron Casting
32:17 Chain Barding Armor
32:20 Heavy Plow
34:17 Bloodlines
35:15 Hand Cart
35:14 Husbandry
36:34 Bow Saw
37:01 Town Watch
40:10 Imperial Age
38:44 Bodkin Arrow
41:30 Plate Barding Armor
40:17 Elite Monaspa
41:18 Conscription
41:49 Masonry
43:02 Blast Furnace
45:09 Aznauri Cavalry
47:33 Bracer
60:49 Padded Archer Armor
60:50 Scale Mail Armor
62:17 Town Patrol
PNAL | Kush
4:31 Loom
6:50 Loom
11:22 Feudal Age
13:13 Man-at-Arms
15:21 Wheelbarrow
15:38 Double-Bit Axe
21:30 Castle Age
19:52 Stone Mining
26:27 Scale Mail Armor
27:45 Squires
29:27 Pikeman
34:45 Town Watch
35:39 Bow Saw
47:33 Imperial Age
49:59 Imperial Age
47:57 Hand Cart
48:37 Horse Collar
48:50 Gold Mining
52:22 Two-Man Saw
51:03 Halberdier
56:44 Conscription
61:22 Two-Man Saw
60:23 Heavy Plow
63:28 Stone Shaft Mining
63:50 Long Swordsman
Tiienty
9:07 Loom
12:44 Feudal Age
13:38 Domestication
13:48 Double-Bit Axe
23:04 Castle Age
21:26 Stone Mining
24:49 Gold Mining
25:30 Bow Saw
26:59 Wheelbarrow
27:40 Pastoralism
30:45 Caravan
31:50 Husbandry
32:21 Forging
32:18 Scale Barding Armor
35:38 Imperial Age
34:25 Chain Barding Armor
35:58 Iron Casting
36:09 Murder Holes
37:14 Transhumance
37:05 Elite Steppe Lancer
39:05 Plate Barding Armor
53:46 Hand Cart
56:45 Ordo Cavalry
59:56 Scale Mail Armor
61:33 Elite Liao Dao
64:59 Heavy Rocket Cart
floresmonserratpaz
15:47 Feudal Age
14:06 Loom
25:51 Castle Age
30:15 Crossbowman
49:09 Ballistics
53:32 Imperial Age
57:44 Chemistry
59:12 Padded Archer Armor
59:03 Fletching
60:38 Arbalester
61:40 Gold Mining
64:01 Elite Longbowman
Connection lost

Rejoining the realm…

Still unreachable

The connection could not be restored.

Session expired

The server has moved on; the page needs a fresh start.